 Dungeon Crawl Stone Soup version 0.21-a0-584-g185da8e (webtiles) character file.

77 Lanoc the Skirmisher (level 4, -1/38 HPs)
             Began as a Hill Orc Gladiator on Dec 20, 2017.
             Slain by an orc
             ... wielding a +0 flail
              (8 damage)
             ... on level 3 of the Dungeon on Dec 21, 2017.
             The game lasted 00:03:14 (1543 turns).

Lanoc the Skirmisher (Hill Orc Gladiator)           Turns: 1543, Time: 00:03:15

Health: -1/38      AC:  4    Str: 16    XL:     4   Next: 33%
Magic:  4/4        EV: 12    Int:  8    God:
Gold:   111        SH:  0    Dex: 13    Spells: 3/3 levels left

rFire    . . .     SeeInvis .   a - +0 long sword
rCold    . . .     Gourm    .   (no shield)
rNeg     . . .     Faith    .   b - +0 leather armour
rPois    .         Spirit   .   c - +0 helmet
rElec    .         Reflect  .   (no cloak)
rCorr    .         Harm     .   (no gloves)
MR       .....     Rnd*Tele +   (no boots)
Stlth    +.........             (no amulet)
HPRegen  0.12/turn              h - ring of teleportation (curse)
MPRegen  0.09/turn              g - ring of wizardry

@: no status effects
A: no striking features
a: no special abilities


You were on level 3 of the Dungeon.
You were not hungry.

You visited 1 branch of the dungeon, and saw 3 of its levels.

You collected 111 gold pieces.

Inventory:

Hand Weapons
 a - a +0 long sword (weapon)
Missiles
 d - 3 throwing nets (quivered)
Armour
 b - a +0 leather armour (worn)
 c - a +0 helmet (worn)
Jewellery
 g - a ring of wizardry (right hand)
 h - a cursed ring of teleportation (left hand)
Scrolls
 i - 4 scrolls of identify {unknown}
 l - a scroll of teleportation {unknown}
Potions
 e - a potion of lignification {unknown}
 j - a potion of mutation {unknown}
 k - a potion of invisibility {unknown}
 m - a potion of resistance {unknown}
 n - a potion of curing {unknown}
Comestibles
 f - 3 rations
 o - a chunk of flesh


   Skills:
 + Level 3.4 Fighting
 - Level 3.3 Long Blades
 + Level 2.4 Throwing
 + Level 1.6 Armour
 + Level 2.9 Dodging


You had 3 spell levels left.
You didn't know any spells.

Dungeon Overview and Level Annotations

Branches:
Dungeon (3/15)

Altars:


Message History

The worm is almost dead.
The bat hits you. The bat closely misses you.
The giant cockroach bites you but does no damage.
The worm bites you. The orc hits you with a flail!
You hit the worm.
The worm is almost dead.
The bat hits you but does no damage. The giant cockroach misses you.
The giant cockroach bites you. The worm bites you!
You slash the worm!
You kill the worm!
The bat barely misses you.
You riposte.
You slash the bat!
You kill the bat!
The giant cockroach barely misses you. The orc hits you but does no damage.
The orc hits you with a flail!
* * * LOW HITPOINT WARNING * * *
The giant cockroach closely misses you.
You riposte.
You barely miss the giant cockroach.
Found 17 gold pieces.
The orc hits you with a flail!
You die...

............####
...%...........#
.#.
...$...........#
...
...............#
...
...........!...#
#..
..........†....#
#..
...............#
#..
......soo...####
...
######.@........
## #.......... #
#..........# #
........$..# #
........!....
...
........####.
... .....$...#
... #######...#
..


You could see 2 orcs and a giant cockroach.

Vanquished Creatures
  An adder (D:2)
  A gnoll (D:1)
  A worm (D:3)
  A dart slug (D:3)
  A leopard gecko (D:1)
  A ball python (D:2)
  5 giant cockroaches
  6 goblins
  6 hobgoblins
  4 jackals (D:1)
  9 kobolds
  5 bats
  5 rats
46 creatures vanquished.

Notes
Turn   | Place    | Note
-------+----------+-------------------------------------------
     0 | D:1      | Lanoc the Hill Orc Gladiator began the quest for the Orb.
     0 | D:1      | Reached XP level 1. HP: 18/18 MP: 1/1
    60 | D:1      | Reached XP level 2. HP: 20/25 MP: 2/2
   154 | D:1      | Reached skill level 1 in Armour
   154 | D:1      | Reached XP level 3. HP: 4/31 MP: 3/3
   161 | D:1      | HP: 1/31 [kobold (1)]
   943 | D:2      | Reached XP level 4. HP: 34/38 MP: 4/4
  1543 | D:3      | Slain by an orc

Vault maps used:
D:1:      lightli_arrival_lavapool
D:2:      fountainhead, serial_bayou_ford_a

Skill      XL: |  1  2 |
---------------+-------+-----
Throwing       | 2 |  2.4
Fighting       | 3 |  3.4
Armour         | 1 |  1.6
Long Blades    | |  3.3
Dodging        | |  2.9

Action                   |  1- 3 |  4- 6 || total
-------------------------+-------+-------++-------
Melee: Long sword        |    85 |    18 ||   103
  Eat: Chunk             |       |     2 ||     2
Armor: Leather armour    |    24 |     8 ||    32
Dodge: Dodged            |    83 |    17 ||   100
       Rpst.: Long sword |    22 |     4 ||    26

Table legend:
 A = Spawn XP
 B = Non-spawn XP
 C = Spawn XP percentage of total XP
 D = Spawn monster count
 E = Non-spawn monster count
 F = Spawn count percentage of total count
 G = Total turns spent on level
                    A         B        C        D         E        F      G
               +---------+---------+-------+---------+---------+-------+---------
         Total |       0 |     110 |   0.0 |       0 |      46 |   0.0 |  1543
               +---------+---------+-------+---------+---------+-------+---------
           D:1 |       0 |      59 |   0.0 |       0 |      26 |   0.0 |   725
           D:2 |       0 |      37 |   0.0 |       0 |      15 |   0.0 |   728
           D:3 |       0 |      14 |   0.0 |       0 |       5 |   0.0 |    90
               +---------+---------+-------+---------+---------+-------+---------
